AoeStats
← Adrijiga

Nomad

508084558Analyzed
4v4 RM · 13d ago on Sep 20, 2026· 39m 42s· 8 players
Game mode
Random Map
Map size
231×231
Population
200
Speed
Normal
Resources
Standard
Victory
Conquest
Starting age
Dark Age
Ending age
Imperial Age
RankedLock teamsTeams togetherTeam positionsShared explorationLock speedFull tech treeHidden civsTurbo modeCheats
Victory
Defeat
🇬🇧 Turks · United Kingdom
1533
+10
🇫🇷 Maya · France
1515
+10
🇺🇸 Portuguese · United States
1363
+16
🇺🇸 Inca · United States
1334
+18
🇨🇳 Aztecs · China
1412
-15
🇺🇸 Khmer · United States
1393
-14
🇪🇸 Celts · Spain
1374
-13
🇨🇱 Goths · Chile
1340
-12
Monty
13:40 Feudal Age
11:57 Loom
14:39 Fishing Lines
17:51 Castle Age
16:54 Fishing Lines
18:38 Fletching
19:19 Double-Bit Axe
20:45 Bodkin Arrow
28:06 Horse Collar
31:32 Scale Barding Armor
31:24 Gold Mining
31:56 Heavy Plow
32:39 Bow Saw
32:46 Bloodlines
33:24 Chain Barding Armor
34:12 Wheelbarrow
34:14 Forging
34:11 Town Watch
35:14 Hand Cart
37:43 Imperial Age
37:15 Tusk Swords
37:54 Iron Casting
37:54 Husbandry
38:21 Hand Cart
39:08 Conscription
Adrijiga
5:17 Loom
13:45 Feudal Age
18:03 Castle Age
18:09 Forging
17:59 Scale Mail Armor
18:06 Man-at-Arms
19:28 Iron Casting
21:34 Long Swordsman
23:10 Fishing Lines
25:34 Horse Collar
29:24 Double-Bit Axe
29:45 Gillnets
34:09 Husbandry
33:37 Pikeman
35:06 Wheelbarrow
37:05 Fletching
39:16 Gambesons
网恋被骗50块
4:40 Loom
15:13 Feudal Age
20:25 Castle Age
18:42 Double-Bit Axe
18:48 Stone Mining
18:43 Horse Collar
19:12 Fishing Lines
21:34 Medium Warships
22:21 Bow Saw
26:06 Scale Mail Armor
26:53 Heavy Plow
28:46 Chain Mail Armor
29:52 Pikeman
30:29 Town Watch
31:20 Wheelbarrow
34:09 Gillnets
37:03 Imperial Age
34:50 Hand Cart
34:54 Stone Mining
34:56 Gold Mining
34:32 Eagle Warrior
36:03 Treadmill Crane
36:19 Murder Holes
36:45 Ballistics
36:50 Hand Cart
37:02 Forging
36:56 Squires
36:41 Arson
Criminalss
3:45 Loom
13:39 Feudal Age
16:13 Fletching
22:03 Castle Age
20:09 Stone Mining
[LMB] xvedejas
5:02 Loom
13:15 Feudal Age
18:26 Castle Age
18:07 Fletching
19:17 Medium Warships
19:22 Bodkin Arrow
22:06 Wheelbarrow
25:22 Double-Bit Axe
28:32 Bow Saw
31:05 Horse Collar
32:08 Redemption
32:20 Sanctity
34:36 Hand Cart
37:10 Town Watch
38:09 Scale Barding Armor
38:46 Bloodlines
38:48 Forging
RoonTheEternal
6:27 Loom
15:56 Feudal Age
16:34 Double-Bit Axe
16:22 Champi Runner
17:31 Fishing Lines
22:06 Castle Age
20:30 Gold Mining
21:54 Fletching
22:40 Padded Archer Armor
22:31 Crossbowman
23:18 Thumb Ring
23:19 Bodkin Arrow
25:39 Padded Archer Armor
28:43 Leather Archer Armor
30:27 Wheelbarrow
34:24 Pikeman
34:34 Elite Skirmisher
39:58 Ballistics
JagWarrior
5:02 Loom
13:20 Feudal Age
14:40 Double-Bit Axe
17:54 Castle Age
19:49 Bow Saw
23:06 Medium Warships
23:52 Crossbowman
24:23 Fletching
29:43 Wheelbarrow
31:00 Bodkin Arrow
31:34 Fishing Lines
32:03 Horse Collar
33:30 Hand Cart
33:01 Town Watch
36:57 Imperial Age
34:46 Padded Archer Armor
35:24 Heavy Plow
36:12 Gillnets
37:18 Leather Archer Armor
37:25 Ballistics
37:41 Bracer
39:05 Chemistry
39:23 Masonry
Narwhals4Eva
6:00 Loom
16:39 Feudal Age
17:23 Double-Bit Axe
17:26 Fishing Lines
18:26 Bloodlines
20:22 Castle Age
18:57 Scale Barding Armor
19:20 Forging
21:55 Husbandry
23:38 Wheelbarrow
23:15 Bow Saw
24:53 Chain Barding Armor
26:38 Hand Cart
26:12 Horse Collar
27:05 Heavy Plow
27:26 Stone Mining
27:29 Gold Mining
29:24 Gillnets
32:30 Imperial Age
31:11 Medium Warships
31:25 Padded Archer Armor
33:17 Capped Ram
34:12 Siege Ram
35:54 Conscription
35:59 Elite Janissary
39:05 Gold Shaft Mining
40:40 Plate Barding Armor
40:23 Leather Archer Armor
Connection lost

Rejoining the realm…

Still unreachable

The connection could not be restored.

Session expired

The server has moved on; the page needs a fresh start.